 Dungeon Crawl Stone Soup version 0.26-a0-682-g294304f6e8 (webtiles) character file.

Game seed: 12938314116697666072

149 Whiskey the Sneak (level 5, -4/28 HPs)
             Began as a Kobold Enchanter on Oct 21, 2020.
             Killed by divine providence
             ... invoked by an orc priest
              (17 damage)
             ... on level 3 of the Dungeon.
             The game lasted 00:04:25 (2314 turns).

Whiskey the Sneak (Kobold Enchanter)                Turns: 2314, Time: 00:04:26

Health: -4/28      AC:  4    Str:  6    XL:     5   Next: 56%
Magic:  8/8        EV: 15    Int: 16    God:
Gold:   134        SH:  0    Dex: 16    Spells: 5/8 levels left

rFire    x . .     SeeInvis .   d - +2 dagger (venom)
rCold    + . .     Faith    .   (shield restricted)
rNeg     . . .     Spirit   .   b - +0 robe
rPois    .         Reflect  .   l - +1 hat
rElec    .         Harm     .   c - +0 cloak (curse)
rCorr    .         Rampage  .   (no gloves)
MR       +....                  (no boots)
Stlth    +++++.....             (no amulet)
HPRegen  0.09/turn              h - ring of protection from magic {MR+, !d}
MPRegen  0.11/turn              y - ring of ice {rC+, rF-}

@: no status effects
A: small, nightstalker 3
a: no special abilities


You were on level 3 of the Dungeon.
You visited 1 branch of the dungeon, and saw 3 of its levels.

You collected 134 gold pieces.

Inventory:

Hand Weapons
 a - a +1 dagger
 d - a +2 dagger of venom (weapon)
   (You took it off a goblin on level 1 of the Dungeon)
 g - a +2 dagger of flaming
   (You took it off a goblin on level 1 of the Dungeon)
 q - a +2 short sword of venom
   (You found it on level 1 of the Dungeon)
 s - a +2 quarterstaff of chaos
   (You took it off Crazy Yiuf on level 2 of the Dungeon)
 w - a +0 dagger of venom
   (You took it off a goblin on level 2 of the Dungeon)
Missiles
 A - 12 poisoned darts (quivered)
Armour
 b - a +0 robe (worn)
 c - a cursed +0 cloak (worn)
   (You found it on level 1 of the Dungeon)
 l - a +1 hat (worn)
   (You found it on level 1 of the Dungeon)
 r - a +1 cloak
   (You found it on level 1 of the Dungeon)
Jewellery
 f - an uncursed ring of fire {rF+, rC-}
   (You found it on level 1 of the Dungeon)
 h - a ring of protection from magic (left hand) {MR+, !d}
   (You found it on level 1 of the Dungeon)
 y - a ring of ice (right hand) {rC+, rF-}
   (You found it on level 2 of the Dungeon)
Scrolls
 e - a scroll of teleportation {unknown}
 j - 2 scrolls of immolation {unknown}
 n - 2 scrolls of magic mapping {unknown}
 p - 4 scrolls of identify {unknown}
 v - a scroll of fog {unknown}
 x - 2 scrolls of remove curse {unknown}
 z - a scroll of enchant weapon {unknown}
 C - a scroll of enchant armour {unknown}
Potions
 i - 2 potions of heal wounds {unknown}
 k - a potion of berserk rage {unknown}
 m - a potion of haste {unknown}
 o - a potion of magic {unknown}
 t - 2 potions of curing {unknown}
 u - a potion of flight {unknown}
 B - a potion of cancellation {unknown}


   Skills:
 - Level 1.3 Short Blades
 - Level 2.4 Dodging
 * Level 7.6 Stealth
 - Level 2.1 Spellcasting
 + Level 3.7 Hexes


You had 5 spell levels left.
You knew the following spells:

 Your Spells              Type           Power        Failure   Level
a - Ensorcelled Hibernat  Hex/Ice        ##....       14%         2
v - Corona                Hex            ##.....      4%          1

Your spell library contained the following spells:

 Spells                   Type           Power        Failure   Level
 Confusing Touch          Hex            ##......     13%         3
 Tukima's Dance           Hex            ##......     13%         3
 Dazzling Flash           Conj/Hex       #.....       28%         3


Dungeon Overview and Level Annotations

Branches:
Dungeon (3/15)

Altars:
Hepliaklqana
Vehumet


Innate Abilities, Weirdness & Mutations

You are small and have problems with some larger weapons.
You are completely attuned to the shadows.


Message History

A worm comes into view.
The helpless worm fails to defend itself.
You impale the worm!!
You kill the worm!
Found a stone staircase leading down.
A rat comes into view.
The helpless rat fails to defend itself.
You impale the rat!!
You kill the rat!
No target in view!
A hobgoblin comes into view.
An adder comes into view.
The adder hisses angrily.
The hobgoblin shouts!
The hobgoblin completely misses you. The adder closely misses you.
You barely miss the adder. The hobgoblin barely misses you.
The adder bites you but does no damage.
You hit the adder.
The adder is poisoned.
The hobgoblin misses you. The adder misses you.
You completely miss the adder. The adder bites you but does no damage.
The hobgoblin closely misses you.
You barely miss the adder. The adder barely misses you.
The hobgoblin barely misses you.
You hit the adder. The adder barely misses you.
The hobgoblin barely misses you.
You hit the adder.
You kill the adder!
The hobgoblin barely misses you.
You closely miss the hobgoblin. The hobgoblin closely misses you.
You hit the hobgoblin.
The hobgoblin is poisoned.
The hobgoblin completely misses you.
You hit the hobgoblin.
The hobgoblin looks even sicker.
You kill the hobgoblin!
No target in view!
No target in view!
No target in view!
No target in view!
No target in view!
No target in view!
No target in view!
No target in view!
No target in view!
No target in view!
No target in view!
No target in view!
No target in view!
You see here an adder corpse.
Found a radiant altar of Vehumet.
Found a stone staircase leading up.
An orc comes into view. It is wielding a +0 mace.
An orc comes into view. It is wielding a +0 flail.
An orc and an orc wizard come into view.
The orc wizard shouts!
The orc shouts!
You hear a shout!
An orc priest comes into view. It is wielding a +0 short sword.
The orc shouts!
Found a stone staircase leading down.
You hit the orc.
The orc wizard casts a spell.
The orc wizard blinks!
The orc hits you but does no damage.
You hit the orc.
You kill the orc!
The orc closely misses you.
The orc wizard casts a spell.
The orc wizard blinks!
The orc priest mumbles some strange prayers to Beogh against you.
You resist with some effort.
You closely miss the orc. The orc completely misses you.
You hit the orc. The orc barely misses you. The orc misses you.
The orc priest begins to cast a cantrip, but forgets the words!
You hit the orc.
You kill the orc!
The orc priest invokes the aid of Beogh against you.
Beogh smites you!
You take 10 damage, and have 18/28 hp.
MASSIVE DAMAGE!!
You hit the orc wizard.
The orc wizard is poisoned.
You hit the orc.
You kill the orc!
The orc priest calls upon Beogh to heal the orc wizard.
The orc wizard's wounds heal themselves!
You hit the orc wizard.
The orc wizard looks as sick as possible!
The orc wizard barely misses you.
You hit the orc wizard.
The orc wizard looks as sick as possible!
The orc wizard casts a spell at you. The magic dart hits you.
The orc priest casts a cantrip, but nothing happens.
You take 5 damage, and have 13/28 hp.
You are too injured to fight recklessly!
You are too injured to fight recklessly!
You are too injured to fight recklessly!
You are too injured to fight recklessly!
You are too injured to fight recklessly!
You hit the orc wizard.
The orc wizard looks as sick as possible!
The orc wizard mumbles some strange words.
The orc wizard seems to speed up.
The orc priest mumbles some strange prayers to Beogh against you.
Beogh smites you!
Ouch! That really hurt!
You die...

+#..............#
##..............
####..##..#.#####...#
.......##.#.# #...#
.>..⌠...+.#.# #...#
.......####.#.# ##..#
#o)##.##.#.# #..#
#####o###.##.#.# #..<
#...#@#.#.##.#.####...
#..................
........#.##..........
.##.....#.............
................)
##......<..._..8.


You could see an orc priest and an orc wizard (fast, extremely poisoned).

Vanquished Creatures
  Crazy Yiuf (D:2)
  A worker ant (D:2)
  2 adders
  2 worms
  A dart slug (D:2)
  4 leopard geckos
  3 orcs (D:3)
  2 bats (D:2)
  A giant cockroach (D:1)
  9 hobgoblins
  4 jackals (D:1)
  6 kobolds
  3 quokkas
  A ball python (D:2)
  A frilled lizard (D:2)
  10 goblins
  5 rats
56 creatures vanquished.

Notes
Turn   | Place    | Note
-------+----------+-------------------------------------------
     0 | D:1      | Whiskey the Kobold Enchanter began the quest for the Orb.
     0 | D:1      | Reached XP level 1. HP: 10/10 MP: 3/3
   210 | D:1      | Reached XP level 2. HP: 13/15 MP: 5/5
   318 | D:1      | Reached skill level 5 in Stealth
   620 | D:1      | Reached XP level 3. HP: 19/19 MP: 6/6
  1278 | D:2      | Found a runed translucent door.
  1281 | D:2      | Noticed Crazy Yiuf
  1286 | D:2      | Killed Crazy Yiuf
  1286 | D:2      | Reached skill level 6 in Stealth
  1286 | D:2      | Reached XP level 4. HP: 24/24 MP: 7/7
  1359 | D:2      | Learned a level 2 spell: Ensorcelled Hibernation
  1368 | D:2      | Reached skill level 7 in Stealth
  1368 | D:2      | Reached XP level 5. HP: 22/28 MP: 8/8
  1933 | D:2      | Found a hazy altar of Hepliaklqana.
  2290 | D:3      | Found a radiant altar of Vehumet.
  2314 | D:3      | Killed from afar by an orc priest

Illustrated notes

Levels and vault maps discovered:
D:1:      grunt_arrival_lava_bath, layout_basic, minivault_11, minmay_cupped
D:2:      layout_loops_ring, lemuel_round_altar, chequers_decorated_corner,
          uniq_crazy_yiuf_cottage
D:3:      layout_basic, lemuel_coloured_pillars_altar,
          grunt_temple_overflow_open, hellmonk_ghost_happy_afterlife,
          grunt_ministairs_15

Skill      XL: |  1  2  3  4 |
---------------+-------------+-----
Stealth        | 5 6 7 |  7.6
Short Blades   | |  1.3
Dodging        | |  2.4
Spellcasting   | |  2.1
Hexes          | |  3.7

Action                   |  1- 3 |  4- 6 || total
-------------------------+-------+-------++-------
Melee: Dagger            |    63 |    82 ||   145
 Stab: Sleeping          |     6 |    11 ||    17
       Distracted        |     1 |     1 ||     2
Armor: Robe              |     5 |    14 ||    19
Dodge: Dodged            |    45 |    68 ||   113

Table legend: (Time is in decaauts)
 A = Elapsed time spent in this place.
 B = Non-inter-level travel time spent in this place.
 C = Inter-level travel time spent in this place.
 D = Time resting spent in this place.
 E = Time spent auto-exploring this place.
 F = Levels seen in this place.
 G = Mean time per level.
                   A        B        C        D        E       F      G
               +--------+--------+--------+--------+--------+-----+--------+
         Total |   2301 |   2227 |     74 |    101 |   1811 |   3 |  767.0 |
       Dungeon |   2301 |   2227 |     74 |    101 |   1811 |   3 |  767.0 |
               +--------+--------+--------+--------+--------+-----+--------+

Top non-repeatable levels by time:
     D:1: 1223 daAuts
     D:2: 952 daAuts
     D:3: 125 daAuts

Table legend:
 A = Kills in this place as a percentage of kills in entire the game.
 B = Kills by you in this place as a percentage of kills by you in the entire game.
 C = Kills by friends in this place as a percentage of kills by friends in the entire game.
 D = Other kills in this place as a percentage of other kills in the entire game.
 E = Experience gained in this place as a percentage of experience gained in the entire game.
 F = Experience gained in this place divided by the number of levels of this place that you have seen.
                   A       B       C       D       E      F
               +-------+-------+-------+-------+-------+----------------------
         Total | 100.0 | 100.0 |   N/A |   N/A | 100.0 |  71.0
       Dungeon | 100.0 | 100.0 |   N/A |   N/A | 100.0 |  71.0
               +-------+-------+-------+-------+-------+----------------------
